 Dungeon Crawl Stone Soup version 0.30-a0-578-gdee14c521f (webtiles) character file.

Game seed: 14577945998340033236

55 wormed the Shooter (level 3, -2/28 (30) HPs)
             Began as a Demigod Hunter on Dec 31, 2022.
             Slain by an orc wizard
             ... wielding a +0 dagger
              (3 damage)
             ... on level 3 of the Dungeon.
             The game lasted 00:02:46 (2233 turns).

wormed the Shooter (Demigod Hunter)                 Turns: 2233, Time: 00:02:46

HP:   -2/28 (30)    AC:  5    Str: 12    XL:     3   Next: 45%
MP:   5/5           EV: 12    Int: 11    God:
Gold: 130           SH:  0    Dex: 21    Spells: 2/2 levels left

rFire   . . .      SeeInvis .    a - +0 shortbow
rCold   . . .      Faith    .    (shield currently unavailable)
rNeg    . . .      Spirit   .    c - +0 leather armour
rPois   .          Reflect  .    (no helmet)
rElec   .          Harm     .    (no cloak)
rCorr   .          Rampage  .    s - +1 pair of gloves
Will    .....                    (no boots)
Stlth   ++                       (no amulet)
HPRegen 0.24/turn                (no ring)
MPRegen 0.09/turn                (no ring)

@: drained
A: high MP 1, forlorn, divine attributes
a: no special abilities


You were on level 3 of the Dungeon.
You visited 1 branch of the dungeon, and saw 4 of its levels.

You collected 130 gold pieces.

Inventory:

Hand Weapons
 a - a +0 shortbow (weapon)
Armour
 c - a +0 leather armour (worn)
 g - a +0 pair of gloves
 s - a +1 pair of gloves (worn)
Jewellery
 e - a +6 ring of intelligence
Wands
 t - a wand of flame (16)
Scrolls
 b - 4 scrolls of immolation
 d - 2 scrolls of identify {unknown}
 f - 2 scrolls of enchant armour {unknown}
 n - a scroll of fear {unknown}
 q - a scroll of vulnerability {unknown}
 r - a scroll of noise {unknown}
Potions
 h - 2 potions of brilliance {unknown}
 i - a potion of invisibility {unknown}
 k - a potion of magic {unknown}
 l - a potion of degeneration {unknown}
 m - a potion of ambrosia {unknown}
 o - a potion of lignification {unknown}
 p - a potion of heal wounds {unknown}


   Skills:
 + Level 2.3 Fighting
 * Level 4.3 Ranged Weapons
 + Level 2.3 Dodging
 - Level 0.8 Stealth


You had 2 spell levels left.
You didn't know any spells.
Your spell library was empty.

Dungeon Overview and Level Annotations

Branches:
Dungeon (4/15)
 Temple: D:4-7


Innate Abilities, Weirdness & Mutations

You have an increased reservoir of magic. (+10% MP)
You shall have no god before yourself.
Your divine heritage dramatically boosts your attributes as you level up.


Message History

The orc wizard closely misses you.
The orc wizard hits you but does no damage.
Non-targeted confused fire: a) +0 shortbow
Press: ? - help, Q - select action, (/) - cycle Dir - look around, f - activate Look: an orc wizard, wielding a +0 dagger and wearing a +0 robe (heavily wounded)
You shoot an arrow.
The orc wizard hits you but does no damage.
Non-targeted confused fire: a) +0 shortbow
Press: ? - help, Q - select action, (/) - cycle Dir - look around, f - activate Look: an orc wizard, wielding a +0 dagger and wearing a +0 robe (heavily wounded)
You shoot an arrow.
You feel less confused.
The orc wizard gestures at you while chanting.
The puff of flame misses you.
Fire: a) +0 shortbow
Press: ? - help, Q - select action, (/) - cycle Shift-Dir - straight line, f/p - orc wizard
Aim: an orc wizard, wielding a +0 dagger and wearing a +0 robe (heavily wounded, 59% to hit)
You shoot an arrow. The arrow hits the orc wizard.
The orc wizard is severely wounded.
The orc wizard closely misses you. The orc wizard misses you.
Fire: a) +0 shortbow
Press: ? - help, Q - select action, (/) - cycle Shift-Dir - straight line, f/p - orc wizard
Aim: an orc wizard, wielding a +0 dagger and wearing a +0 robe (severely wounded, 59% to hit)
You shoot an arrow. The arrow barely misses the orc wizard.
The orc wizard barely misses you.
Fire: a) +0 shortbow
Press: ? - help, Q - select action, (/) - cycle Shift-Dir - straight line, f/p - orc wizard
Aim: an orc wizard, wielding a +0 dagger and wearing a +0 robe (severely wounded, 59% to hit)
You shoot an arrow. The arrow hits the orc wizard.
The orc wizard is almost dead.
The orc wizard gestures at you while chanting.
The magic dart hits you.
* * * LOW HITPOINT WARNING * * *
Fire: a) +0 shortbow
Press: ? - help, Q - select action, (/) - cycle Shift-Dir - straight line, f/p - orc wizard
Aim: an orc wizard, wielding a +0 dagger and wearing a +0 robe (almost dead, 59% to hit)
You shoot an arrow. The arrow barely misses the orc wizard.
The orc wizard barely misses you.
The orc wizard hits you with a +0 dagger.
You die...

#....# #......... #########....#
#..)......
#####[....>......###.........
#####.....#######....#...........
......##### #....#.#........<
.###### #......##..)..... ##
#.).รท..###.....#. # ######.#.#
######## ### ##.@o.>.#.# ########
..###### #..######.###.......
#......##### #.[## #..##.######
######.....####..# ##.##.######
.....#####..# ##.# #....#.....
.....# ##.# #.######..###.....
.....######.####.................
.....................#....##.....
.....##..###..#####....#.........


You could see an orc wizard.

Vanquished Creatures
  3 worms (D:3)
  2 dart slugs
  2 orcs (D:4)
  2 bats (D:1)
  4 endoplasms
  3 giant cockroaches
  3 goblins
  5 hobgoblins
  A quokka (D:3)
  A ball python (D:1)
  2 frilled lizards (D:2)
  5 kobolds
  5 rats
38 creatures vanquished.

Notes
Turn   | Place    | Note
-------+----------+-------------------------------------------
     0 | D:1      | wormed the Demigod Hunter began the quest for the Orb.
     0 | D:1      | Reached XP level 1. HP: 17/17 MP: 3/3
   248 | D:1      | Reached XP level 2. HP: 24/24 MP: 4/4
   495 | D:1      | Reached skill level 4 in Ranged Weapons
  1615 | D:3      | Reached XP level 3. HP: 29/29 MP: 5/5
  2232 | D:3      | HP: 1/28 [orc wizard/magic dart (4)]
  2233 | D:3      | Slain by an orc wizard

Illustrated notes

Levels and vault maps discovered:
D:1:      evilmike_arrival_crescent, layout_basic
D:2:      layout_basic, patterned_corridor
D:3:      layout_rooms, mainiacjoe_overflow_surrounded_room
D:4:      layout_gridville, hangedman_decor_opposing

Skill      XL: |  1  2 |
---------------+-------+-----
Fighting       | 2 |  2.3
Dodging        | 2 |  2.3
Ranged Weapons | 4 |  4.3
Stealth        | |  0.8

Action                   || total
-------------------------++-------
Melee: Shortbow          ||     1
 Fire: Shortbow          ||   128
  Use: Potion            ||     2
Armor: Leather armour    ||    19
Dodge: Dodged            ||    20

Table legend: (Time is in decaauts)
 A = Elapsed time spent in this place.
 B = Non-inter-level travel time spent in this place.
 C = Inter-level travel time spent in this place.
 D = Time resting spent in this place.
 E = Time spent auto-exploring this place.
 F = Levels seen in this place.
 G = Mean time per level.
                   A        B        C        D        E       F      G
               +--------+--------+--------+--------+--------+-----+--------+
         Total |   2277 |   2158 |    119 |      0 |   1831 |   4 |  569.2 |
       Dungeon |   2277 |   2158 |    119 |      0 |   1831 |   4 |  569.2 |
               +--------+--------+--------+--------+--------+-----+--------+

Top non-repeatable levels by time:
     D:2: 812 daAuts
     D:1: 776 daAuts
     D:3: 618 daAuts
     D:4: 70 daAuts
